 Dungeon Crawl Stone Soup version 0.29-a0-397-g846e4a0 (webtiles) character file.

Game seed: 5712746054691320393

106 Illumine the Bolt Thrower (level 4, -6/40 HPs)
             Began as a Minotaur Hunter on May 11, 2022.
             Mangled by Terence
             ... wielding a +4 mace
              (11 damage)
             ... on level 3 of the Dungeon.
             The game lasted 00:03:56 (2035 turns).

Illumine the Bolt Thrower (Minotaur Hunter)         Turns: 2035, Time: 00:03:57

Health: -6/40      AC:  4    Str: 17 (18) XL:     4   Next: 55%
Magic:  3/3        EV: 12    Int:  3 (6)  God:
Gold:   135        SH:  0    Dex: 12 (13) Spells: 3/3 levels left

rFire   . . .      SeeInvis .   b - +2 hand axe (freeze)
rCold   . . .      Faith    .   (no shield)
rNeg    . . .      Spirit   .   p - +0 leather armour
rPois   .          Reflect  .   (helmet restricted)
rElec   .          Harm     .   (no cloak)
rCorr   .          Rampage  .   (no gloves)
Will    .....                   g - +0 pair of boots
Stlth   +.........              (no amulet)
HPRegen 0.13/turn               (no ring)
MPRegen 0.08/turn               (no ring)

@: no status effects
A: horns 2, retaliatory headbutt
a: no special abilities


You were on level 3 of the Dungeon.
You visited 1 branch of the dungeon, and saw 4 of its levels.

You collected 135 gold pieces.

Inventory:

Hand Weapons
 a - a +1 hand crossbow
 b - a +2 hand axe of freezing (weapon)
Armour
 g - a +0 pair of boots (worn)
 n - a scarf of harm
 p - a +0 leather armour (worn)
Scrolls
 c - 2 scrolls of immolation
 d - a scroll of blinking {unknown}
 f - 2 scrolls of identify {unknown}
 i - a scroll of enchant weapon {unknown}
 j - a scroll of vulnerability
 k - a scroll of noise {unknown}
 l - a scroll of silence {unknown}
 m - 2 scrolls of teleportation
 o - a scroll of poison
Potions
 e - a potion of haste {unknown}


   Skills:
 + Level 3.9 Fighting
 + Level 5.2 Crossbows
 + Level 3.5 Dodging
 - Level 0.7 Stealth


You had 3 spell levels left.
You didn't know any spells.
Your spell library contained the following spells:

 Spells                   Type           Power      Damage    Failure   Level
 Slow                     Hex            0%         N/A       58%         1
 Sting                    Tmut/Pois      0%         1d3       58%         1
 Corpse Rot               Necr/Air       0%         N/A       75%         2
 Poisonous Vapours        Pois/Air       0%         N/A       75%         2
 Confusing Touch          Hex            0%         N/A       92%         3
 Vampiric Draining        Necr           0%         2d6       92%         3
 Olgreb's Toxic Radiance  Pois           0%         N/A       100%        4


Dungeon Overview and Level Annotations

Branches:
Dungeon (4/15)
 Temple: D:4-7

Altars:

Annotations:
D:3 Grinder, Terence


Innate Abilities, Weirdness & Mutations

You have a pair of horns on your head.
You reflexively headbutt those who attack you in melee.


Message History

You start resting.
Terence is nearby!
You see here a +0 short sword.
You start resting.
Terence is nearby!
You see here an orc corpse.
Terence shouts!
Terence says, "You're history."
You see here a +0 war axe.
You shoot a bolt.
The bolt hits Terence but does no damage.
You shoot a bolt. The bolt closely misses Terence.
You shoot a bolt. The bolt barely misses Terence.
Terence attacks as you move away! Terence hits you with a +4 mace.
Your +2 hand axe of freezing glows with a cold blue light!
b - a +2 hand axe of freezing (weapon)
Terence misses you.
You barely miss Terence. You headbutt Terence.
Terence is lightly wounded.
Terence barely misses you.
You barely miss Terence. You headbutt Terence!
Terence is moderately wounded.
Terence misses you. You furiously retaliate!
You headbutt Terence, but do no damage. Terence misses you.
You barely miss Terence. You headbutt Terence, but do no damage.
Terence is moderately wounded.
Terence hits you with a +4 mace.
You closely miss Terence.
Terence is moderately wounded.
Terence hits you with a +4 mace!
You hit Terence. You freeze Terence.
Terence is heavily wounded.
Terence hits you with a +4 mace!
* * * LOW HITPOINT WARNING * * *
You hit Terence. You freeze Terence. You headbutt Terence.
Terence is severely wounded.
Terence hits you with a +4 mace.
* * * LOW HITPOINT WARNING * * *
Terence hits you with a +4 mace!
You die...

## . # # # #
###################
...).†...).....@@.#
#################.#
#.# #.# #.# #.# #.#
#.# #.#


You could see Terence.

Vanquished Creatures
  2 adders
  2 gnolls (D:4)
  A white imp (D:3)
  3 worms (D:2)
  5 orcs (D:3)
  4 ball pythons
  6 endoplasms
  2 giant cockroaches
  5 goblins
  4 hobgoblins (D:1)
  2 quokkas
  A bat (D:1)
  2 frilled lizards
  5 kobolds
  3 rats
47 creatures vanquished.

Notes
Turn   | Place    | Note
-------+----------+-------------------------------------------
     0 | D:1      | Illumine the Minotaur Hunter began the quest for the Orb.
     0 | D:1      | Reached XP level 1. HP: 18/18 MP: 0/0
   228 | D:1      | Reached XP level 2. HP: 25/25 MP: 1/1
   611 | D:2      | Reached XP level 3. HP: 28/31 MP: 2/2
   828 | D:2      | You fall into a shaft and drop 2 floors!
   834 | D:4      | Reached skill level 5 in Crossbows
   834 | D:4      | HP: 1/31 [gnoll/+0 club[a gnoll shaman] (5)]
  1153 | D:3      | Reached XP level 4. HP: 38/38 MP: 3/3
  1155 | D:3      | Found a faded altar of an unknown god.
  1178 | D:3      | Noticed Grinder
  1244 | D:3      | Noticed Terence
  2035 | D:3      | Mangled by Terence

Illustrated notes

Levels and vault maps discovered:
D:1:      minmay_arrival_wavy_path, layout_basic, st_stairs_10,
          chequers_serial_rivers_micro_c, kennysheep_minor_cross
D:2:      layout_loops_ring
D:3:      layout_basic, shapermc_ecumenical_altar_pompeii, grunt_ministairs_6,
          kennysheep_cluttered_room, uniq_grinder, uniq_jessica, uniq_terence
D:4:      layout_loops_ring, serial_co_window_serial, co_window_paths_a,
          co_window_corner_a, co_window_paths_b, co_window_of_opportunity_a,
          co_window_of_opportunity_a, co_window_paths_a, co_window_corner_a,
          co_window_unsneaky_path_e, co_window_paths_c, co_window_broadway_c,
          co_window_paths_c, co_window_corner_b, co_window_corner_b,
          co_window_2corner, co_window_4corner_a, glass_columns_a,
          glass_columns_c, glass_columns_a, glass_columns_a,
          grunt_decor_one_mirror, uniq_blork_the_orc

Skill      XL: |  1  2  3 |
---------------+----------+-----
Fighting       | 3 |  3.9
Dodging        | 3 |  3.5
Crossbows      | 5 |  5.2
Stealth        | |  0.7

Action                   |  1- 3 |  4- 6 || total
-------------------------+-------+-------++-------
Melee: Hand axe          |       |    10 ||    10
       Headbutt          |       |     4 ||     4
 Fire: Hand crossbow     |    80 |    41 ||   121
  Use: Scroll            |     4 |       ||     4
       Potion            |     1 |       ||     1
Armor: Leather armour    |     3 |     2 ||     5
Dodge: Dodged            |    18 |    22 ||    40

Table legend: (Time is in decaauts)
 A = Elapsed time spent in this place.
 B = Non-inter-level travel time spent in this place.
 C = Inter-level travel time spent in this place.
 D = Time resting spent in this place.
 E = Time spent auto-exploring this place.
 F = Levels seen in this place.
 G = Mean time per level.
                   A        B        C        D        E       F      G
               +--------+--------+--------+--------+--------+-----+--------+
         Total |   2072 |   2049 |     23 |    606 |    994 |   4 |  518.0 |
       Dungeon |   2072 |   2049 |     23 |    606 |    994 |   4 |  518.0 |
               +--------+--------+--------+--------+--------+-----+--------+

Top non-repeatable levels by time:
     D:2: 793 daAuts
     D:3: 676 daAuts
     D:1: 547 daAuts
     D:4: 54 daAuts
